 Dungeon Crawl Stone Soup version 0.21.1-1-g345015fe64 (webtiles) character file.

1236 Lavandula the Ruffian (level 8, 59/73 HPs)
             Began as a Deep Dwarf Transmuter on May 26, 2018.
             Quit the game on level 5 of the Dungeon on May 27, 2018.
             The game lasted 00:09:38 (1648 turns).

Lavandula the Ruffian (Deep Dwarf Transmuter)       Turns: 1648, Time: 00:09:38

Health: 59/73      AC:  7    Str: 15    XL:     8   Next: 24%
Magic:  4/9        EV: 12    Int: 15    God:
Gold:   140        SH:  0    Dex: 13    Spells: 11/17 levels left

rFire    + . .     SeeInvis .     - Unarmed
rCold    . . .     Gourm    .   (no shield)
rNeg     . . .     Faith    .   x - +1 robe {rF+}
rPois    .         Spirit   .   s - +2 helmet
rElec    .         Reflect  .   (no cloak)
rCorr    .         Harm     .   u - +0 pair of gloves
MR       +....                  (no boots)
Stlth    +.........             (no amulet)
HPRegen  0.00/turn              (no ring)
MPRegen  0.11/turn              (no ring)

@: very slightly contaminated, non-regenerating
A: damage resistance, heal wounds, sense surroundings 1, no regeneration
a: Heal Wounds


You were on level 5 of the Dungeon.
You were not hungry.

You visited 1 branch of the dungeon, and saw 5 of its levels.

You collected 140 gold pieces.

Inventory:

Missiles
 a - 34 arrows
Armour
 b - a +0 robe
 l - a +2 robe
 s - a +2 helmet (worn)
 u - a +0 pair of gloves (worn)
 x - a +1 robe of fire resistance (worn)
Wands
 w - a wand of acid (12)
Scrolls
 g - 2 scrolls of identify {unknown}
 j - 4 scrolls of teleportation {unknown}
 k - a scroll of fog {unknown}
 q - a scroll of magic mapping {unknown}
 r - a scroll of fear {unknown}
 t - 2 scrolls of remove curse {unknown}
 y - a scroll of amnesia {unknown}
Potions
 e - 3 potions of mutation {unknown}
 f - 2 potions of haste {unknown}
 h - 2 potions of curing {unknown}
 i - 2 potions of lignification {unknown}
 m - a potion of flight {unknown}
 n - a potion of might {unknown}
 o - a potion of cancellation {unknown}
 p - a potion of berserk rage {unknown}
Books
 c - a book of Changes

   Spells                             Type                      Level
   a - Beastly Appendage              Transmutation                1
   b - Sticks to Snakes               Transmutation                2
   c - Spider Form                    Transmutation/Poison         3
   d - Ice Form                       Ice/Transmutation            4
   e - Blade Hands                    Transmutation                5
Comestibles
 d - 4 rations


   Skills:
 + Level 4.7 Fighting
 - Level 2.2 Dodging
 - Level 6.1 Unarmed Combat
 - Level 5.2 Spellcasting
 - Level 1.8 Transmutations


You had 11 spell levels left.
You knew the following spells:

 Your Spells              Type           Power        Failure   Level  Hunger
a - Beastly Appendage     Tmut           #.....       8%          1    None
b - Sticks to Snakes      Tmut           #.......     12%         2    ##.....
c - Spider Form           Tmut/Pois      #.........   32%         3    ###....


Dungeon Overview and Level Annotations

Branches:
Dungeon (5/15)
 Temple: D:4-7

Altars:
Elyvilon

Annotations:
D:4 Grinder
D:5 Edmund


Innate Abilities, Weirdness & Mutations

You are resistant to damage.
You can heal yourself by infusing magical energy.
You passively map a small area around you.
You do not regenerate.


Message History

You miscast Spider Form.
You are very lightly contaminated with residual magic.
Shape-changing energy floods out from your body and enlargens the floor bugs! 4 giant cockroaches come into view.
You barely miss Edmund. Edmund closely misses you.
The giant cockroach bites you but does no damage.
The giant cockroach misses you.
Edmund clears his throat.
Edmund zaps a wand.
The puff of flame hits you! You resist.
It is a wand of flame (6).
The giant cockroach misses you. The giant cockroach barely misses you.
The giant cockroach closely misses you. The giant cockroach barely misses you.
The giant cockroach closely misses you.
Casting: Spider Form
Confirm with . or Enter, or press ? or * to list all spells.
You miscast Spider Form.
You smell something strange.
The giant cockroach barely misses you.
Level annotation: Edmund Welcome back, Lavandula the Deep Dwarf Transmuter.
Press ? for a list of commands and other information.
Are you sure you want to abandon this character and quit the game? (Confirm with "yes".)

##.........p.##
##..###.# #.#
#......###.##
##.###.###.#
####.#.......#
#......##.#
#.#####.#.##
####......##
#...###.#..#
####....#
#.#..##.##.#
#....#
#.##.....#.###
#....#
..#####......####
###### #.##
###.ss@...# * #.
##@#s##.#### , #.
#####.Zs.#.$...
#(,
................
* *
######.........#
#....[....#
#.........#
#.......).#
#.........#


You could see Edmund, a quokka zombie and 4 giant cockroaches.

Vanquished Creatures
  Pikel (D:5)
  Prince Ribbit (D:5)
  A sky beast (D:5)
  An ice beast (D:4)
  An ogre (D:4)
  A quasit (D:5)
  An orc wizard (D:5)
  2 orc priests (D:5)
  A jelly (D:3)
  Jessica (D:2)
  A worker ant (D:4)
  A worker ant zombie (D:5)
  7 adders
  An ooze (D:1)
  2 worms
  2 dart slugs (D:2)
  A leopard gecko (D:1)
  6 orcs (D:5)
  9 giant cockroaches
  5 goblins
  9 hobgoblins
  3 jackals (D:1)
  A quokka (D:4)
  A ball python (D:1)
  4 bats
  3 frilled lizards
  5 kobolds
  3 rats
75 creatures vanquished.

Notes
Turn   | Place    | Note
-------+----------+-------------------------------------------
     0 | D:1      | Lavandula the Deep Dwarf Transmuter began the quest for the Orb.
     0 | D:1      | Reached XP level 1. HP: 16/16 MP: 3/3
    43 | D:1      | Reached skill level 3 in Unarmed Combat
    64 | D:1      | Reached XP level 2. HP: 19/24 MP: 3/3
   271 | D:2      | Reached XP level 3. HP: 29/30 MP: 0/3
   276 | D:2      | Reached skill level 4 in Unarmed Combat
   312 | D:2      | Noticed Jessica
   333 | D:2      | Killed Jessica
   333 | D:2      | Reached XP level 4. HP: 16/37 MP: 4/4
   467 | D:3      | Learned a level 2 spell: Sticks to Snakes
   471 | D:3      | Learned a level 3 spell: Spider Form
   739 | D:2      | Reached skill level 5 in Unarmed Combat
   841 | D:3      | Reached XP level 5. HP: 35/43 MP: 0/5
   941 | D:4      | Noticed an ice beast
   966 | D:4      | Killed an ice beast
   966 | D:4      | Reached skill level 6 in Unarmed Combat
  1138 | D:4      | Reached XP level 6. HP: 24/50 MP: 1/6
  1186 | D:4      | Found a white marble altar of Elyvilon.
  1262 | D:4      | HP: 1/50 [ogre/giant club (26)]
  1345 | D:5      | Entered Level 5 of the Dungeon
  1345 | D:5      | Noticed Grinder
  1347 | D:5      | Paralysed by Grinder for 2 turns
  1383 | D:5      | Noticed a sky beast
  1393 | D:5      | Killed a sky beast
  1429 | D:5      | Reached XP level 7. HP: 42/56 MP: 1/9
  1486 | D:5      | Noticed Prince Ribbit
  1516 | D:5      | Killed Prince Ribbit
  1516 | D:5      | Reached skill level 5 in Spellcasting
  1543 | D:5      | Noticed Pikel
  1558 | D:5      | Killed Pikel
  1558 | D:5      | Reached XP level 8. HP: 38/73 MP: 3/10
  1638 | D:5      | Noticed Edmund
  1648 | D:5      | Quit the game

Skill      XL: |  1  2  3  4  5  6  7 |
---------------+----------------------+-----
Unarmed Combat | 3 4 5 6 |  6.1
Spellcasting   | 3 5 |  5.2
Fighting       | 4 |  4.7
Dodging        | |  2.2
Transmutations | |  1.8

Action                   |  1- 3 |  4- 6 |  7- 9 || total
-------------------------+-------+-------+-------++-------
Melee: Unarmed           |   113 |   181 |    44 ||   338
       Headbutt          |     5 |    10 |       ||    15
       Punch             |     2 |     2 |     2 ||     6
       Kick              |     2 |    17 |     6 ||    25
 Cast: Beastly Appendage |    13 |    18 |     1 ||    32
       Spider Form       |       |     6 |     2 ||     8
 Abil: Heal Wounds       |     2 |    10 |     4 ||    16
  Eat: Ration            |       |     1 |       ||     1
       Chunk             |       |       |     3 ||     3
Armor: Robe              |    14 |    60 |    16 ||    90
       Skin              |       |     2 |     1 ||     3
Dodge: Dodged            |    63 |   140 |    58 ||   261
